 Dungeon Crawl Stone Soup version 0.19-a0-1933-g052ff51 (webtiles) character file.

15012 Kaname the Geomancer (level 11, -5/77 HPs)
             Began as a Demonspawn Earth Elementalist on Oct 26, 2016.
             Was the Champion of Okawaru.
             Slain by a death knight
             ... wielding a +0 morningstar
              (13 damage)
             ... on level 11 of the Dungeon.
             The game lasted 00:54:04 (15301 turns).

Kaname the Geomancer (DsEE)                        Turns: 15301, Time: 00:54:04

Health: -5/77      AC:  8    Str:  8    XL:     11   Next: 96%
Magic:  6/29       EV: 11    Int: 24    God:    Okawaru [******]
Gold:   561        SH:  4    Dex: 21    Spells: 6 memorised, 3 levels left

rFire  . . .     SeeInvis .     g - +3 dagger (speed)
rCold  + . .     Gourm    .     z - +0 leather armour "Qafy" {rC+ Dex+7}
rNeg   . . .     Faith    +     O - +0 buckler
rPois  .         Spirit   .     a - +2 hat
rElec  .         Reflect  .     (no cloak)
rCorr  .         Harm     .     y - +0 pair of gloves
MR     .....                    (no boots)
Stlth  ++++......               M - amulet of faith
                                R - ring "Qevag" {+Fly Int+4}
                                X - ring of magical power

@: lethally poisoned (-5 -> -6), very slightly contaminated
A: talons 2, molten scales 1, foul stench 2, nightstalker 1, rot immunity
a: Heroism, Finesse, Renounce Religion, Evoke Flight


You were on level 11 of the Dungeon.
You worshipped Okawaru.
Okawaru was exalted by your worship.
You were not hungry.

You visited 2 branches of the dungeon, and saw 12 of its levels.

You collected 743 gold pieces.
You spent 182 gold pieces at shops.

Inventory:

Hand Weapons
 g - a +3 dagger of speed (weapon)
Missiles
 j - 2 throwing nets (quivered)
Armour
 a - a +2 hat (worn)
 i - the +0 buckler of Duotu {*Drain rElec Int+3 Stlth+, unknown}
   (Okawaru gifted it to you on level 11 of the Dungeon)

   It affects your intelligence (+3).
   It insulates you from electricity.
   It causes draining when unequipped.
   It makes you more stealthy.
 y - a +0 pair of gloves (worn)
 z - the +0 leather armour "Qafy" (worn) {rC+ Dex+7}
   (You bought it in a shop on level 4 of the Dungeon)

   It affects your dexterity (+7).
   It protects you from cold.
 O - a +0 buckler (worn)
Magical Staves
 b - an uncursed staff of power
Jewellery
 t - an uncursed amulet of regeneration {unknown}
 M - an amulet of faith (around neck)
 R - the ring "Qevag" (right hand) {+Fly Int+4}
   (You found it on level 8 of the Dungeon)

   [ring of flight]

   It affects your intelligence (+4).
   It lets you fly.
 X - a ring of magical power (left hand)
Wands
 A - a wand of iceblast (0/15)
 F - a wand of random effects (14/48)
 H - a wand of lightning (3/15)
 I - a wand of flame (36/48)
 T - a wand of disintegration (13/24)
Scrolls
 f - 5 scrolls of remove curse
 m - 2 scrolls of enchant weapon
 r - 2 scrolls of enchant armour
 v - a scroll of vulnerability
 w - a scroll of teleportation {unknown}
 x - a scroll of amnesia {unknown}
 D - a scroll of recharging {unknown}
 G - a scroll of random uselessness {unknown}
 L - 2 scrolls of magic mapping {unknown}
 P - a scroll of fog {unknown}
 U - a scroll of fear {unknown}
Potions
 c - 3 potions of brilliance
 h - a potion of ambrosia {unknown}
 k - a potion of beneficial mutation {unknown}
 n - 2 potions of lignification {unknown}
 o - 3 potions of haste
 p - 7 potions of curing
 s - 2 potions of invisibility
 B - a potion of degeneration {unknown}
 C - a potion of might {unknown}
 E - a potion of mutation {unknown}
 K - a potion of resistance {unknown}
 W - a potion of heal wounds
Books
 e - a book of Geomancy

   Spells                             Type                      Level
   a - Sandblast                      Earth                        1
   b - Passwall                       Transmutation/Earth          2
   c - Stone Arrow                    Conjuration/Earth            3
   d - Petrify                        Transmutation/Earth          4
   e - Lee's Rapid Deconstruction     Earth                        5
 q - the Grimoire of Supportive Flight
   (You found it on level 9 of the Dungeon)

   Spells                             Type                      Level
   a - Summon Butterflies             Summoning                    1
   b - Repel Missiles                 Charms/Air                   2
   c - Static Discharge               Conjuration/Air              3
   d - Summon Lightning Spire         Summoning/Air                4
   e - Tornado                        Air                          9
 Q - a book of Frost

   Spells                             Type                      Level
   a - Freeze                         Ice                          1
   b - Throw Frost                    Conjuration/Ice              2
   c - Ozocubu's Armour               Charms/Ice                   3
   d - Throw Icicle                   Conjuration/Ice              4
   e - Summon Ice Beast               Ice/Summoning                4
Comestibles
 d - 10 bread rations
 l - 4 beef jerkies
 u - a meat ration
 N - 3 slices of pizza
 V - 2 royal jellies


   Skills:
 - Level 4.0 Fighting
 + Level 6.6 Short Blades
 - Level 1.7 Dodging
 - Level 6.0 Stealth
 - Level 6.4 Spellcasting
 - Level 8.0 Conjurations
 - Level 2.0 Transmutations
 + Level 6.4 Ice Magic
 - Level 10.0 Earth Magic
 - Level 3.1 Invocations


You had 3 spell levels left.
You knew the following spells:

 Your Spells              Type           Power        Failure   Level  Hunger
a - Sandblast             Erth           ######       1%          1    None
b - Passwall              Tmut/Erth      #####.....   2%          2    None
c - Stone Arrow           Conj/Erth      ######       1%          3    None
d - Petrify               Tmut/Erth      #####...     17%         4    ###....
e - Lee's Rapid Deconstr  Erth           ######....   10%         5    #####..
f - Throw Icicle          Conj/Ice       #####...     12%         4    ###....


Dungeon Overview and Level Annotations

Branches:
Dungeon (11/15)            Temple (1/1) D:5            Lair (0/6) D:10
    Orc: D:9-12

Altars:
Cheibriados
Dithmenos
Gozag
Hepliaklqana
Kikubaaqudgha
Makhleb
Okawaru
Qazlal
Ru
Sif Muna
Trog
Uskayaw
Vehumet
Xom
Yredelemnul
Zin
The Shining One
Beogh

Shops:
D:4 [   D:11 }


Innate Abilities, Weirdness & Mutations

You have razor-sharp toenails.
You are partially covered in molten scales. (AC +2)
You frequently emit foul miasma when damaged in melee.
You are slightly more attuned to the shadows.
You are immune to rotting.


Message History

You feel sick.
The death knight hits you with a morningstar!
Casting: Petrify
Confirm with . or Enter, or press ? or * to list all spells.
You don't know that spell.
Casting: Petrify
Confirm with . or Enter, or press ? or * to list all spells.
Which direction?
The death knight hits you with a morningstar!
The death knight hits you with a morningstar!!
* * * LOW HITPOINT WARNING * * *
You begin to meditate on the wall.
You continue meditating on the rock.
You feel sick.
The death knight offers itself to Yredelemnul, and fills with unholy energy.
You continue meditating on the rock.
The death knight barely misses you.
You continue meditating on the rock.
The death knight hits you but does no damage.
The death knight hits you with a morningstar!
You die...

####.......W.#........##
##..#
##..#####.#......### #.#
##.# #.....#.##### #.
#.#####...∩>[†...... .
#.}.......#.#######.
#..##....#.# #
##..##.#W# ####
#..###.#p#####).# #.##
#..@##....## ####.#
###.##.#### ###....#
##.##.#####
#...########.........#
#..................###
############.......#
#.......# #########


You could see a death knight and a freezing wraith.

Vanquished Creatures
  Snorg (D:11)
  A skeletal warrior (D:11)
  2 hill giants (D:10)
  An unseen horror (D:11)
  2 orc knights (D:10)
  A moth of wrath (D:9)
  A gargoyle (D:10)
  A troll (D:5)
  8 hippogriffs
  2 wraiths
  A human (D:7)
  9 yaks
  2 hogs (D:7)
  A hungry ghost (D:7)
  A steam dragon (D:7)
  The ghost of Kaname the Grave Robber, an amateur DsNe (D:3)
  A soldier ant (D:7)
  2 water moccasins
  Duvessa (D:5)
  6 orc warriors
  3 sky beasts
  A black bear (D:9)
  A phantom (D:8)
  6 centaurs
  A necrophage (D:2)
  9 ogres
  4 bullfrogs
  2 big kobolds
  3 gnoll sergeants
  Dowan (Temple)
  14 killer bees
  4 wights (D:11)
  4 howler monkeys
  6 crimson imps
  2 centaur zombies (D:7)
  3 quasits
  2 bullfrog zombies
  6 orc priests
  3 hounds
  5 bullfrog skeletons
  5 jellies
  12 orc wizards
  3 centaur skeletons
  5 iguanas
  8 worker ants
  A hound zombie (D:11)
  A hound skeleton (D:4)
  11 gnolls
  A howler monkey skeleton (D:10)
  9 adders
  2 shadow imps
  4 oozes
  3 worms
  2 dart slugs
  4 leopard geckos
  39 orcs
  2 ball pythons
  5 bats (D:2)
  7 giant cockroaches
  4 goblins
  7 hobgoblins
  7 jackals
  A quokka (D:2)
  5 frilled lizards
  20 kobolds
  A leopard gecko skeleton (D:5)
  7 rats
301 creatures vanquished.

Notes
Turn   | Place    | Note
-------+----------+-------------------------------------------
     0 | D:1      | Kaname the Demonspawn Earth Elementalist began the quest for the Orb.
     0 | D:1      | Reached XP level 1. HP: 13/13 MP: 3/3
    72 | D:1      | Reached skill level 3 in Earth Magic
   257 | D:1      | Gained mutation: You are slightly more attuned to the shadows. [demonic ancestry]
   257 | D:1      | Reached XP level 2. HP: 19/19 MP: 5/5
   719 | D:1      | Learned a level 2 spell: Passwall
   846 | D:2      | Gained mutation: You have sharp toenails. [demonic ancestry]
   846 | D:2      | Reached XP level 3. HP: 24/24 MP: 6/6
  1009 | D:2      | Reached skill level 4 in Earth Magic
  1338 | D:2      | Reached XP level 4. HP: 28/30 MP: 7/7
  1491 | D:2      | Learned a level 3 spell: Stone Arrow
  1772 | D:3      | Noticed Kaname's ghost (amateur DsNe)
  2227 | D:3      | Noticed a necrophage
  2235 | D:2      | Killed a necrophage
  2235 | D:2      | Reached skill level 5 in Earth Magic
  2235 | D:2      | Gained mutation: You are partially covered in molten scales. (AC +2) [demonic ancestry]
  2235 | D:2      | Reached XP level 5. HP: 26/34 MP: 1/8
  2265 | D:2      | Reached skill level 1 in Conjurations
  3111 | D:4      | Gained mutation: You are immune to rotting. [demonic ancestry]
  3111 | D:4      | Reached XP level 6. HP: 34/40 MP: 2/9
  3698 | D:4      | Reached XP level 7. HP: 45/45 MP: 1/12
  3786 | D:4      | Learned a level 4 spell: Petrify
  3871 | D:4      | Found Jukhlurea's Antique Armour Emporium.
  3874 | D:4      | Bought a steaming leather armour for 182 gold pieces
  3884 | D:4      | Identified the cursed +0 leather armour "Qafy" {rC+ Dex+7} (You bought it in a shop on level 4 of the Dungeon)
  4088 | D:3      | Killed Kaname's ghost
  4121 | D:5      | Entered Level 5 of the Dungeon
  4359 | D:5      | Reached skill level 6 in Earth Magic
  4554 | D:5      | Noticed a troll
  4567 | D:5      | Learned a level 5 spell: Lee's Rapid Deconstruction
  4688 | D:5      | Reached XP level 8. HP: 48/51 MP: 12/14
  5189 | D:5      | Reached skill level 7 in Earth Magic
  5266 | D:5      | Found a staircase to the Ecumenical Temple.
  5270 | D:5      | Noticed Dowan
  5272 | D:5      | Noticed Duvessa
  5274 | Temple   | Entered the Ecumenical Temple
  5291 | Temple   | Became a worshipper of Warmaster Okawaru
  5399 | D:5      | Killed Duvessa
  5675 | Temple   | Killed Dowan
  6310 | D:6      | Reached skill level 8 in Earth Magic
  6697 | D:6      | Found a glowing silver altar of Zin.
  6705 | D:6      | Found a snail-covered altar of Cheibriados.
  6706 | D:6      | Found a shadowy altar of Dithmenos.
  6708 | D:6      | Found a shimmering altar of Xom.
  6836 | D:7      | Reached skill level 5 in Spellcasting
  7144 | D:5      | Killed a troll
  7327 | D:7      | Reached * piety under Okawaru
  7327 | D:7      | Gained mutation: You may emit foul miasma when damaged in melee. [demonic ancestry]
  7327 | D:7      | Reached XP level 9. HP: 57/57 MP: 14/18
  7412 | D:7      | Reached skill level 5 in Conjurations
  7534 | D:7      | Reached skill level 1 in Transmutations
  7540 | D:7      | Reached skill level 1 in Invocations
  7576 | D:7      | Found a basalt altar of Yredelemnul.
  7919 | D:7      | Reached ** piety under Okawaru
  8178 | D:7      | Reached skill level 9 in Earth Magic
  8243 | D:7      | Got a ripped robe
  8255 | D:7      | Identified the +1 robe of Sihon {+Blink rF- MR+++ Dex-2} (You found it on level 7 of the Dungeon)
  8342 | D:7      | Reached skill level 1 in Fighting
  8882 | D:8      | Gained mutation: You frequently emit foul miasma when damaged in melee. [demonic ancestry]
  8882 | D:8      | Reached XP level 10. HP: 56/71 MP: 15/19
  9083 | D:8      | Reached skill level 10 in Earth Magic
  9132 | D:8      | Reached *** piety under Okawaru
  9254 | D:8      | Learned a level 4 spell: Throw Icicle
  9283 | D:8      | Got a flickering amber ring
  9389 | D:8      | Reached skill level 1 in Ice Magic
  9478 | D:8      | Reached skill level 1 in Short Blades
  9816 | D:9      | Found a stormy altar of Qazlal.
  9953 | D:9      | Found a hide-covered altar of Uskayaw.
  9988 | D:9      | Identified the ring "Qevag" {+Fly Int+4} (You found it on level 8 of the Dungeon)
 10107 | D:9      | Noticed a moth of wrath
 10110 | D:9      | Found a bloodstained altar of Trog.
 10134 | D:9      | Killed a moth of wrath
 10134 | D:9      | Reached **** piety under Okawaru
 10471 | D:9      | Found a shadowy altar of Dithmenos.
 10594 | D:9      | Identified the Grimoire of Supportive Flight
 10886 | D:9      | Found a glowing golden altar of the Shining One.
 11034 | D:10     | Entered Level 10 of the Dungeon
 11210 | D:10     | Found a staircase to the Lair.
 11220 | D:10     | Reached skill level 5 in Ice Magic
 11309 | D:10     | Reached skill level 5 in Short Blades
 11745 | D:10     | Noticed a hill giant
 11745 | D:10     | Noticed a hill giant
 11862 | D:10     | Found a runed door.
 12046 | D:10     | Killed a hill giant
 12046 | D:10     | Reached ***** piety under Okawaru
 12046 | D:10     | Gained mutation: You have razor-sharp toenails. [demonic ancestry]
 12046 | D:10     | Reached XP level 11. HP: 77/77 MP: 20/20
 12047 | D:10     | Killed a hill giant
 12549 | D:10     | Noticed an orc knight
 12552 | D:10     | Noticed an orc knight
 12566 | D:10     | Killed an orc knight
 12797 | D:10     | Killed an orc knight
 13011 | D:10     | Found a roughly hewn altar of Beogh.
 13106 | D:10     | Reached ****** piety under Okawaru
 13339 | D:10     | Received a gift from Okawaru
 13378 | D:10     | HP: 3/77 [poisoned by a kobold]
 13386 | D:10     | HP: 2/77 [poisoned by a kobold]
 13394 | D:10     | HP: 2/77 [poisoned by a kobold]
 14215 | D:11     | Killed an unseen horror
 14215 | D:11     | Received a gift from Okawaru
 14215 | D:11     | Reached skill level 5 in Stealth
 14216 | D:11     | Noticed a skeletal warrior
 14830 | D:11     | Found Couteol's Gadget Shoppe.
 14996 | D:11     | Killed a skeletal warrior
 15147 | D:11     | Noticed a death knight
 15188 | D:11     | Noticed Snorg
 15251 | D:11     | Killed Snorg
 15251 | D:11     | Received a gift from Okawaru
 15286 | D:11     | Got a steaming buckler {god gift}
 15301 | D:11     | Slain by a death knight

Vault maps used:
D:1:      shiori_arrival_oz
D:2:      minmay_fountain_box
D:3:      first_bread
D:4:      serial_shops, nicolae_shop_crystal
D:5:      uniq_duvessa
D:6:      minitemple, minmay_misc_feat_secret_circle, nicolae_benzene_ring,
          hangedman_abyss_or_decor_lesser_grid
D:7:      yredelemnul_altar_generic, grunt_livestock, kennysheep_generic_room_12
D:9:      kennysheep_spiral_hall, lemuel_doored_altar, tgw_trog,
          eat_drink_and_be_merry_uskayaw, basic_altar, grunt_dithmenos_smoke
D:10:     dpeg_lair_monsters, lightli_church_of_beogh
D:11:     kennysheep_orc_monster_closet_entryway, serial_shops, shop,
          basic_altar, uniq_maurice, uniq_snorg
Temple:   nicolae_temple_god_jail

Skill      XL: |  1  2  3  4  5  6  7  8  9 10 11 |
---------------+----------------------------------+-----
Earth Magic    | 3 4 5 6 8 9 10 | 10.0
Conjurations   | 2 4 5 8 |  8.0
Spellcasting   | 3 4 6 |  6.4
Transmutations | 2 |  2.0
Invocations    | 3 |  3.1
Fighting       | 3 4 |  4.0
Ice Magic      | 5 6 |  6.4
Short Blades   | 5 6 |  6.6
Stealth        | 6 |  6.0
Dodging        | |  1.7

Action                   |  1- 3 |  4- 6 |  7- 9 | 10-12 || total
-------------------------+-------+-------+-------+-------++-------
Melee: Short sword       |    24 |       |       |       ||    24
       Unarmed           |     4 |       |       |       ||     4
       Dagger            |       |       |    22 |   215 ||   237
       Kick              |       |       |    12 |    90 ||   102
       Staff             |       |       |       |     2 ||     2
 Fire: Hunting sling     |    49 |   142 |   209 |   127 ||   527
 Cast: Sandblast         |     3 |     5 |       |       ||     8
       Stone Arrow       |       |    14 |    77 |   153 ||   244
       Petrify           |       |       |     7 |       ||     7
       Passwall          |       |       |     1 |     1 ||     2
       Lee's Rapid Decon |       |       |     4 |    32 ||    36
       Throw Icicle      |       |       |       |     6 ||     6
Evoke: Wand              |       |       |     1 |     4 ||     5
  Use: Scroll            |       |     4 |     3 |     4 ||    11
       Potion            |       |       |     1 |     1 ||     2
 Stab: Sleeping          |     1 |       |       |       ||     1
       Petrified         |       |       |    19 |       ||    19
       Petrifying        |       |       |     1 |       ||     1
  Eat: Chunk             |     1 |     9 |    19 |    22 ||    51
       Fruit             |       |       |     2 |     1 ||     3
       Pizza             |       |       |       |     4 ||     4
Armor: Robe              |    11 |    18 |       |       ||    29
       Leather armour    |       |       |    56 |    87 ||   143
Dodge: Dodged            |    28 |    49 |    83 |   120 ||   280
Block: Buckler           |       |       |     1 |    46 ||    47
